cohdb
Replays
Latest Replays
All Replays
Popular Replays
Top Player Replays
Match Explorer
How It Works
Community
CoH3 Stats
Reddit
Sign in to upload your games and track your stats! →
Sign in with Steam
Match 43252472
Unlisted
Match 43252472
Overview
Messages
Build Orders
End
Panzerpioneer Squad
Panzerpioneer Squad
Selects Italian Infantry
250 Light Carrier
Construct Light Support Kompanie
Assault Grenadier Squad
Selects Defensive Operations
Fire Support Elements
Vehicle Survival Package
Flakvierling Half-track
2.5-tonne Medical Truck
Forward Retreat Point
Selects Prepared Positions
Panzerjäger Squad
Construct Panzerarmee Kommand
Walking Stuka Rocket Launcher
Veteran Squad Leaders
Walking Stuka Rocket Launcher
Pak 38 Anti-tank Gun Team
Selects Obice 305mm Barrage
Armored Reserves
Pak 38 Anti-tank Gun Team
Obice 305mm Barrage
Selects Guastatori Squad
Selects Registered Artillery
Selects Towed Cannone da 105/28 Field Howitzer
Obice 305mm Barrage
Tiger Heavy Tank
Rapid Advance
Emergency Repair Kits
Raiden
MMMerVVV
XRBB
rabbit hole
Seiun Sky
ProxyFox
米浴
JT
0
0
Comments
sign in to comment!
No comments posted yet!